 Dungeon Crawl Stone Soup version 0.17.0-24-gcfadda4 (console) character file.

281 Kloppie the Firebug (level 6, -2/36 HPs)
             Began as a High Elf Fire Elementalist on Nov 15, 2015.
             Was an Initiate of Sif Muna.
             Shot with an arrow by a centaur (11 damage)
             ... on level 4 of the Dungeon.
             The game lasted 00:10:34 (3759 turns).

Kloppie the Firebug (High Elf Fire Elementalist)    Turns: 3759, Time: 00:10:34

Health: -2/36      AC:  4    Str:  7      XL:     6   Next: 6%
Magic:  5/10       EV: 14    Int: 21      God:    Sif Muna [......]
Gold:   230        SH:  0    Dex: 14 (16) Spells: 3 memorised, 1 level left

rFire  . . .     SeeInvis .     B - +1 whip (elec)
rCold  . . .     Clarity  .     a - +0 robe
rNeg   . . .     SustAt   .     (no shield)
rPois  .         Gourm    .     v - +1 helmet
rElec  .         Spirit   .     (no cloak)
rCorr  .         Warding  .     (no gloves)
rMut   .         Stasis   .     (no boots)
MR     .....                    (no amulet)
Stlth  ++........               (no ring)
                                (no ring)

@: not resistant to hostile enchantments, unstealthy
A: no striking features
a: Renounce Religion


You were on level 4 of the Dungeon.
You worshipped Sif Muna.
Sif Muna was noncommittal.
You were not hungry.

You visited 1 branch of the dungeon, and saw 4 of its levels.

You collected 230 gold pieces.

Inventory:

Hand Weapons
 o - a +0 short sword
 z - a +1 dagger of electrocution
 B - a +1 whip of electrocution (weapon)
Armour
 a - a +0 robe (worn)
 v - a +1 helmet (worn)
Jewellery
 i - an uncursed ring of stealth {unknown}
 m - a cursed -3 ring of intelligence {unknown}
Scrolls
 d - a scroll of enchant weapon {unknown}
 f - 5 scrolls of remove curse {unknown}
 k - a scroll of amnesia {unknown}
 l - a scroll of blinking {unknown}
 r - 2 scrolls of identify {unknown}
 s - 2 scrolls of immolation {unknown}
 u - a scroll of random uselessness {unknown}
 w - a scroll of fear {unknown}
 x - a scroll of teleportation {unknown}
 y - a scroll of magic mapping {unknown}
Potions
 e - a potion of degeneration
 g - a potion of heal wounds
 h - a potion of agility {unknown}
 j - 2 potions of ambrosia {unknown}
 t - 3 potions of cancellation {unknown}
 A - a potion of poison {unknown}
Books
 b - a book of Flames

   Spells                             Type                      Level
   a - Flame Tongue                   Conjuration/Fire             1
   b - Throw Flame                    Conjuration/Fire             2
   c - Conjure Flame                  Conjuration/Fire             3
   d - Inner Flame                    Hexes/Fire                   3
   e - Sticky Flame                   Conjuration/Fire             4
   f - Fireball                       Conjuration/Fire             5
 C - a book of Clouds

   Spells                             Type                      Level
   a - Mephitic Cloud                 Conjuration/Poison/Air       3
   b - Conjure Flame                  Conjuration/Fire             3
   c - Poisonous Cloud                Conjuration/Poison/Air       6
   d - Freezing Cloud                 Conjuration/Ice/Air          6
   e - Ring of Flames                 Charms/Fire                  7
Comestibles
 c - 3 bread rations
 n - 2 slices of pizza
 p - a meat ration


   Skills:
 + Level 4.4 Dodging
 - Level 2.1 Stealth
 - Level 2.4 Spellcasting
 + Level 3.8 Conjurations
 + Level 4.5 Fire Magic


You had one spell level left.
You knew the following spells:

 Your Spells              Type           Power        Failure   Level  Hunger
a - Flame Tongue          Conj/Fire      ###..        2%          1    None
b - Sticky Flame          Conj/Fire      ###.....     28%         4    ####...
c - Conjure Flame         Conj/Fire      ###.....     10%         3    ###....


Dungeon Overview and Level Annotations

Branches:
Dungeon (4/15)
 Temple: D:4-7

Altars:
Gozag
Ru
Sif Muna


Message History

The centaur is heavily wounded.
The centaur shoots an arrow.
The arrow hits you!
* * * LOW HITPOINT WARNING * * *
Casting: Flame Tongue
Confirm with . or Enter, or press ? or * to list all spells.
Aiming: Flame Tongue
Press: ? - help, Shift-Dir - straight line, f/p - centaur
Aim: a centaur, wielding a shortbow (heavily wounded)
The flame tongue hits the centaur.
The centaur is almost dead.
The centaur shoots an arrow.
The arrow hits you.
* * * LOW HITPOINT WARNING * * *
Casting: Flame Tongue
Confirm with . or Enter, or press ? or * to list all spells.
Aiming: Flame Tongue
Press: ? - help, Shift-Dir - straight line, f/p - centaur
Aim: a centaur, wielding a shortbow (almost dead)
The flame tongue misses the centaur.
The centaur shoots an arrow.
The arrow hits you!
You die...

#.## # #). ### #.. #c
##.. #.. ##... #####...
..##... ##......# #.#..#
##......## #?c.#
#.....#### ####(#
##....#### #...@#
###..#.##.< #..##.#
#.......... .... #.#
#.###.###.. #######.####
#.# #.# #.#
##........###)###'###.#
#...............+_###.#
#..........##.###'###..
##............# #.# #.#
##........####.###.###.#


You could see a centaur.

Vanquished Creatures
  An ogre (D:4)
  A hound (D:3)
  2 worker ants
  Robin (D:3)
  6 adders
  An adder skeleton (D:4)
  2 giant geckos (D:2)
  5 orcs (D:3)
  8 hobgoblins
  8 kobolds
  A quokka (D:3)
  A ball python (D:3)
  5 bats (D:1)
  3 giant cockroaches
  4 giant newts
  9 goblins
  6 rats
64 creatures vanquished.

Notes
Turn   | Place    | Note
--------------------------------------------------------------
     0 | D:1      | Kloppie the High Elf Fire Elementalist began the quest for the Orb.
     0 | D:1      | Reached XP level 1. HP: 11/11 MP: 4/4
   348 | D:1      | Reached XP level 2. HP: 17/17 MP: 4/6
  1211 | D:2      | Reached XP level 3. HP: 21/21 MP: 4/7
  1561 | D:3      | Noticed Robin
  1800 | D:3      | Reached XP level 4. HP: 27/27 MP: 4/8
  1912 | D:3      | Found a sacrificial altar of Ru.
  1912 | D:3      | Found an opulent altar of Gozag.
  2034 | D:3      | Learned a level 4 spell: Sticky Flame
  2254 | D:3      | Reached skill level 4 in Fire Magic
  2349 | D:3      | Reached XP level 5. HP: 27/31 MP: 0/9
  2529 | D:3      | Killed Robin
  3103 | D:3      | Learned a level 3 spell: Conjure Flame
  3288 | D:4      | Noticed an ogre
  3418 | D:4      | Found a deep blue altar of Sif Muna.
  3559 | D:4      | Became a worshipper of Sif Muna the Loreminder
  3653 | D:4      | Killed an ogre
  3653 | D:4      | Reached XP level 6. HP: 36/36 MP: 0/10
  3749 | D:4      | Noticed a centaur
  3759 | D:4      | Shot with an arrow by a centaur

Action                   |  1- 3 |  4- 6 || total
-------------------------+-------+-------++-------
Melee: Unarmed           |     1 |    20 ||    21
       Short sword       |     1 |     3 ||     4
       Whip              |       |    13 ||    13
       Dagger            |       |    10 ||    10
 Cast: Flame Tongue      |    61 |    64 ||   125
       Conjure Flame     |       |     1 ||     1
  Use: Potion            |     2 |       ||     2
 Stab: Sleeping          |       |     2 ||     2
  Eat: Chunk             |     3 |     6 ||     9
